 Dungeon Crawl Stone Soup version 0.30-a0-800-g7c544603b3 (webtiles) character file.

Game seed: 16609864298887283241

14676 cforsyth the Covert (level 12, -2/81 HPs)
             Began as a Kobold Gladiator on Feb 21, 2023.
             Was an Elder of Dithmenos.
             Killed from afar by a gargoyle (26 damage)
             ... with a stone arrow
             ... on level 12 of the Dungeon.
             The game lasted 00:24:24 (12670 turns).

cforsyth the Covert (Kobold Gladiator)             Turns: 12670, Time: 00:24:24

Health: -2/81      AC: 12    Str: 11    XL:     12   Next: 48%
Magic:  12/12      EV: 29    Int: 11    God:    Dithmenos [****..]
Gold:   925        SH:  0    Dex: 20    Spells: 11/11 levels left

rFire   . . .      SeeInvis .    i - +2 quick blade (drain)
rCold   . . .      Faith    .    (no shield)
rNeg    . . .      Spirit   .    C - +3 leather armour
rPois   .          Reflect  .    c - +1 helmet
rElec   .          Harm     .    (no cloak)
rCorr   .          Rampage  .    (no gloves)
Will    .....                    (no boots)
Stlth   ++++++++++               (no amulet)
HPRegen 0.33/turn                J - +4 ring of protection
MPRegen 0.13/turn                H - +5 ring of evasion

@: wreathed by umbra, studying Ranged Weapons
A: small, no large weapons, nightstalker 3
a: Renounce Religion, Shadow Step


You were on level 12 of the Dungeon.
You worshipped Dithmenos.
Dithmenos was greatly pleased with you.
You visited 2 branches of the dungeon, and saw 13 of its levels.
You also visited: Bailey.

You collected 925 gold pieces.

Inventory:

Hand Weapons
 a - a +0 long sword
 i - a +2 quick blade of draining (weapon)
Missiles
 d - 5 throwing nets
 e - 18 boomerangs (quivered)
Armour
 b - a +0 leather armour
 c - a +1 helmet (worn)
 m - a +0 troll leather armour
 C - a +3 leather armour (worn)
Jewellery
 q - a ring of flight
 A - an amulet of faith
 B - a ring of fire
 H - a +5 ring of evasion (right hand)
 J - a +4 ring of protection (left hand)
 M - a +6 ring of intelligence
Wands
 z - a wand of roots (9)
 L - a wand of charming (4)
Scrolls
 g - a scroll of poison
 h - 4 scrolls of teleportation
 j - 3 scrolls of fog
 n - a scroll of noise {unknown}
 v - 2 scrolls of blinking
 w - 2 scrolls of fear
 x - a scroll of silence {unknown}
 y - a scroll of amnesia
 D - a scroll of identify
 E - 3 scrolls of enchant weapon {unknown}
 F - a scroll of magic mapping {unknown}
 G - a scroll of enchant armour
 I - a scroll of summoning {unknown}
 O - a scroll of vulnerability {unknown}
Potions
 f - a potion of magic {unknown}
 k - 3 potions of haste
 l - a potion of mutation {unknown}
 o - 6 potions of curing
 p - 5 potions of heal wounds
 r - a potion of attraction {unknown}
 s - 3 potions of flight
 t - 2 potions of might
 u - 5 potions of invisibility {unknown}
 K - a potion of lignification {unknown}
 N - a potion of brilliance {unknown}


   Skills:
 + Level 11.9 Fighting
 - Level 7.4(8.0) Short Blades
 - Level 2.6(4.0) Long Blades
 - Level 2.2 Throwing
 + Level 13.2 Dodging
 + Level 14.9 Stealth


You had 11 spell levels left.
You didn't know any spells.
Your spell library contained the following spells:

 Spells                   Type           Power      Damage    Failure   Level
 Foxfire                  Conj/Fire      0%         2x1d4     43%         1
 Sting                    Tmut/Pois      0%         1d3       43%         1
 Summon Small Mammal      Summ           0%         N/A       43%         1
 Poisonous Vapours        Pois/Air       0%         N/A       56%         2
 Call Canine Familiar     Summ           0%         N/A       80%         3
 Frozen Ramparts          Ice            0%         1d1       80%         3
 Portal Projectile        Hex/Tloc       0%         N/A       80%         3
 Summon Guardian Golem    Hex/Summ       0%         N/A       80%         3
 Tukima's Dance           Hex            0%         N/A       80%         3
 Ice Form                 Ice/Tmut       0%         N/A       99%         4
 Olgreb's Toxic Radiance  Pois           0%         N/A       99%         4
 Summon Ice Beast         Ice/Summ       0%         N/A       99%         4
 Blade Hands              Tmut           0%         N/A       100%        5
 Fireball                 Conj/Fire      0%         3d3       100%        5
 Starburst                Conj/Fire      0%         6d3       100%        6
 Chain Lightning          Conj/Air       0%         N/A       100%        9
 Fire Storm               Conj/Fire      0%         5d1       100%        9
 Shatter                  Erth           0%         3d5*      100%        9


Dungeon Overview and Level Annotations

Branches:
Dungeon (12/15)            Temple (1/1) D:5            Lair (0/5) D:8
    Orc (0/2) D:9          Bailey (visited)

Altars:
Ashenzari
Cheibriados
Dithmenos
Elyvilon
Fedhas
Gozag
Hepliaklqana
Kikubaaqudgha
Makhleb
Nemelex Xobeh
Okawaru
Qazlal
Ru
Sif Muna
Trog
Uskayaw
Vehumet
Wu Jian
Xom
Yredelemnul
Zin
The Shining One

Shops:
D:10 (

Portals:
Trove: D:11 (give +5 demon trident)

Annotations:
D:4 Duvessa
D:6 2 transporters, dolemite99's ghost, amateur DrHu


Innate Abilities, Weirdness & Mutations

You are small and have problems with some larger weapons.
You are completely attuned to the shadows.


Message History

You hit the gargoyle but do no damage.
The gargoyle is severely damaged.
You hit the gargoyle but do no damage.
The gargoyle is severely damaged.
The gargoyle completely misses you.
You hit the gargoyle but do no damage.
The gargoyle is severely damaged.
You hit the gargoyle but do no damage.
The gargoyle is severely damaged.
You hit the gargoyle but do no damage.
The gargoyle is severely damaged.
The gargoyle hurls a stone arrow at you.
The stone arrow hits you!!
You hit the gargoyle but do no damage.
The gargoyle is severely damaged.
You hit the gargoyle.
You punch the gargoyle, but do no damage.
The gargoyle is almost destroyed.
You hit the gargoyle but do no damage.
The gargoyle is almost destroyed.
You hit the gargoyle but do no damage.
The gargoyle is almost destroyed.
The gargoyle completely misses you.
You hit the gargoyle but do no damage.
The gargoyle is almost destroyed.
You hit the gargoyle but do no damage.
The gargoyle is almost destroyed.
You hit the gargoyle but do no damage.
The gargoyle is almost destroyed.
The gargoyle hits you with a +0 mace!
* * * LOW HITPOINT WARNING * * *
You hit the gargoyle but do no damage.
The gargoyle is almost destroyed.
You barely miss the gargoyle.
The gargoyle is almost destroyed.
You hit the gargoyle but do no damage.
The gargoyle is almost destroyed.
The gargoyle hurls a stone arrow at you.
The stone arrow hits you!!
You die...

#..###[###..## ###......
#..##.....##..######...###.)
..##.....p.##...........####
#..#.#.#..##..###.###..###
.O ######..#.##..#..##..## .
..#..###†##.##.##...
...#..#..##.##..##..
..#....##..#..##.#..
######@...##..#..##.#..
#.#.#.9#.#..##.##.^#.^.
......##..##..#..##.#[.
.....####.##..#..##.#..
##.....###..##.##..##..
##....p###.##.##.##...
#..#†#..###..#..##..#.
#.#######.####.###..### .#
|}##.# ### ####


You could see a gargoyle.

Vanquished Creatures
  2 boulder beetles (D:12)
  3 two-headed ogres
  An ugly thing (D:12)
  A cyclops (D:11)
  2 gargoyles
  An unseen horror (D:9)
  2 komodo dragons
  2 trolls
  2 hornets
  A slime creature (D:12)
  A shadow (D:10)
  13 yaks
  A wraith (D:12)
  A wyvern (D:10)
  A steam dragon (D:9)
  Menkaure (D:4)
  2 water moccasins (D:8)
  An ice beast (D:5)
  6 orc warriors
  A sky beast (D:7)
  2 black bears (D:6)
  3 ogres
  3 wolves (D:8)
  6 centaurs
  2 phantoms
  11 kobold brigands
  3 bullfrogs
  2 scorpions
  4 necrophages
  22 wights
  Dowan (D:4)
  5 howler monkeys
  2 electric eels (D:8)
  6 orc priests
  A gnoll bouda (D:7)
  2 jellies
  8 hounds
  Jessica (D:3)
  4 iguanas
  Ijyb (D:3)
  7 orc wizards
  4 adders
  9 gnolls (D:7)
  A white imp (D:6)
  An ufetubus (D:7)
  A worm (D:5)
  4 dart slugs
  15 orcs
  10 endoplasms
  11 hobgoblins
  12 jackals
  3 quokkas
  7 ball pythons
  4 bats
  5 frilled lizards
  6 goblins
  28 kobolds
  6 rats
268 creatures vanquished.

Vanquished Creatures (others)
  21 plants (D:9)
21 creatures vanquished.

Grand Total: 289 creatures vanquished

Notes
Turn   | Place    | Note
-------+----------+-------------------------------------------
     0 | D:1      | cforsyth the Kobold Gladiator began the quest for the Orb.
     0 | D:1      | Reached XP level 1. HP: 12/12 MP: 1/1
    45 | D:1      | Reached XP level 2. HP: 12/18 MP: 2/2
   105 | D:1      | Reached skill level 1 in Stealth
   277 | D:1      | Reached XP level 3. HP: 16/22 MP: 3/3
  1020 | D:2      | Reached skill level 2 in Stealth
  1020 | D:2      | Reached XP level 4. HP: 18/27 MP: 4/4
  1168 | D:2      | Reached skill level 1 in Short Blades
  1522 | D:3      | Noticed Jessica
  1526 | D:3      | Killed Jessica
  1541 | D:3      | Found a snail-covered altar of Cheibriados.
  1571 | D:3      | Noticed Ijyb
  1579 | D:3      | Killed Ijyb
  1580 | D:3      | Reached XP level 5. HP: 32/32 MP: 5/5
  1671 | D:3      | Reached skill level 3 in Stealth
  1953 | D:3      | Found a burning altar of Makhleb.
  2271 | D:4      | Noticed an ogre
  2276 | D:4      | Killed an ogre
  2277 | D:4      | Reached skill level 5 in Dodging
  2277 | D:4      | Reached XP level 6. HP: 15/38 MP: 6/6
  2545 | D:4      | Noticed Menkaure
  2548 | D:4      | Killed Menkaure
  2549 | D:4      | Reached skill level 4 in Stealth
  2549 | D:4      | Reached XP level 7. HP: 43/43 MP: 7/7
  2734 | D:4      | Found a sacrificial altar of Ru.
  2783 | D:4      | Noticed Duvessa
  2783 | D:4      | Noticed Dowan
  2978 | D:4      | Killed Dowan
  2979 | D:4      | Reached skill level 5 in Stealth
  3185 | D:5      | Entered Level 5 of the Dungeon
  3502 | D:5      | Reached XP level 8. HP: 48/48 MP: 8/8
  3537 | D:5      | Reached skill level 5 in Fighting
  3537 | D:5      | Reached skill level 5 in Short Blades
  3907 | D:5      | Found a staircase to the Ecumenical Temple.
  3936 | Temple   | Entered the Ecumenical Temple
  4211 | Temple   | Became a worshipper of Dithmenos the Shadowed
  4633 | D:6      | Identified the +4 giant club of Taelufol {heavy, Will+
                  | Stlth+}
  4633 | D:6      | Noticed a two-headed ogre
  4635 | D:6      | Found a transporter.
  4638 | D:6      | Reached skill level 6 in Stealth
  4638 | D:6      | Noticed dolemite99's ghost (amateur DrHu)
  4726 | D:6      | Found a transporter.
  4940 | D:6      | Reached skill level 7 in Stealth
  5066 | D:6      | Reached XP level 9. HP: 33/55 MP: 9/9
  5151 | D:6      | Found a blossoming altar of Fedhas.
  5356 | D:6      | Found a shimmering blue altar of Sif Muna.
  5505 | D:7      | Reached skill level 8 in Stealth
  5570 | D:7      | Reached * piety under Dithmenos
  6604 | D:7      | Found a hide-covered altar of Uskayaw.
  6709 | D:7      | Reached ** piety under Dithmenos
  6710 | D:7      | Reached skill level 9 in Stealth
  6888 | D:8      | Reached XP level 10. HP: 60/63 MP: 10/10
  6995 | D:8      | Found a staircase to the Lair.
  7072 | D:8      | Reached skill level 10 in Stealth
  7131 | D:8      | Found a flagged portal.
  7139 | Bailey   | Entered a bailey
  7325 | Bailey   | Found a burning altar of Makhleb.
  7569 | D:8      | Reached skill level 10 in Dodging
  7753 | D:8      | Reached skill level 11 in Stealth
  8071 | D:8      | Reached *** piety under Dithmenos
  8214 | D:8      | Noticed a two-headed ogre
  8218 | D:8      | Killed a two-headed ogre
  8219 | D:8      | Reached XP level 11. HP: 71/71 MP: 11/11
  8423 | D:9      | Identified the +12 mace "Cyempi Osso" {pain, *Noise rC+
                  | Int+3}
  8541 | D:8      | Reached skill level 12 in Stealth
  9186 | D:9      | Reached skill level 10 in Fighting
  9530 | D:9      | Found a staircase to the Orcish Mines.
 10190 | D:10     | Entered Level 10 of the Dungeon
 10410 | D:10     | Reached skill level 13 in Stealth
 10516 | D:10     | Found Jampo's Antique Weapon Shoppe.
 11104 | D:11     | Found a portal to a secret trove of treasure.
 11187 | D:11     | Noticed a cyclops
 11191 | D:11     | Killed a cyclops
 11270 | D:11     | Noticed a two-headed ogre
 11274 | D:11     | Killed a two-headed ogre
 11360 | D:11     | Reached **** piety under Dithmenos
 11371 | D:11     | Reached XP level 12. HP: 67/80 MP: 12/12
 12036 | D:12     | Noticed a two-headed ogre
 12036 | D:12     | Noticed a boulder beetle
 12097 | D:12     | Killed a two-headed ogre
 12098 | D:12     | Reached skill level 14 in Stealth
 12365 | D:12     | Noticed a boulder beetle
 12365 | D:12     | Noticed a centaur warrior
 12368 | D:12     | Noticed a death knight
 12399 | D:12     | Noticed a two-headed ogre
 12477 | D:12     | Killed a boulder beetle
 12623 | D:12     | Killed a boulder beetle
 12670 | D:12     | Killed from afar by a gargoyle

Illustrated notes

Levels and vault maps discovered:
D:1:      spicycebolla_arrival_ecumenical, layout_loops_ring
D:2:      layout_loops_cross
D:3:      layout_loops_ring, nicolae_overflow_crystal_walls, marbit_many_paths,
          uniq_ijyb, uniq_jessica
D:4:      layout_rooms, mainiacjoe_overflow_brackets, grunt_ministairs_7,
          hangedman_feature_mirror, uniq_menkaure, uniq_duvessa
D:5:      layout_cave_pods, minmay_temple_entry_nine_rooms
D:6:      layout_cave_pools, led_sif_pool, fedhas_altar_2,
          gammafunk_ghost_smash, serial_glass, glass_columns_a, glass_columns_b
D:7:      nicolae_whirlpool, layout_basic, lemuel_coloured_pillars_altar,
          serial_glass, glass_columns_b, glass_columns_a
D:8:      layout_loops_cross, erik_lair_island, enter_bailey_2
D:9:      layout_cave_pools, orc_0_dummy, serial_bayou_lagoon_a
D:10:     layout_roguey, serial_shops, nicolae_diamond_shop
D:11:     layout_long_grid, enter_trove_1
D:12:     minmay_the_grid_octo_triangle [minmay_the_grid_octo_chip,
          minmay_the_grid_octo_prize_ultimate_mussel_roller,
          minmay_the_grid_octo_checkerflower], layout_basic, nicolae_diode_basic
Temple:   nicolae_temple_elliptical

Skill      XL: |  1  2  3  4  5  6  7  8  9 10 11 12 |
---------------+-------------------------------------+-----
Stealth        | 1 2 3 4 5 7 9 11 13 14 | 14.9
Dodging        | 4 5 6 7 8 10 12 13 | 13.2
Short Blades   | 1 2 3 4 6 7 |  7.4
Fighting       | 3 4 6 7 9 11 | 11.9
Long Blades    | |  2.6
Throwing       | |  2.2

Action                     |  1- 3 |  4- 6 |  7- 9 | 10-12 || total
---------------------------+-------+-------+-------+-------++-------
  Melee: Long sword        |    40 |       |       |       ||    40
         Quick blade       |    34 |    58 |   398 |  1129 ||  1619
         Punch             |       |     1 |     4 |    25 ||    30
  Throw: Boomerang         |       |       |       |     4 ||     4
  Evoke: Wand              |       |       |     9 |       ||     9
    Use: Scroll            |       |       |    13 |     1 ||    14
         Potion            |       |       |       |     3 ||     3
   Stab: Sleeping          |    13 |    17 |    27 |    28 ||    85
         Distracted        |       |     1 |       |     2 ||     3
 Armour: Leather armour    |    17 |     3 |    21 |    36 ||    77
  Dodge: Dodged            |    53 |    15 |   189 |   440 ||   697

Table legend: (Time is in decaauts)
 A = Elapsed time spent in this place.
 B = Non-inter-level travel time spent in this place.
 C = Inter-level travel time spent in this place.
 D = Time resting spent in this place.
 E = Time spent auto-exploring this place.
 F = Levels seen in this place.
 G = Mean time per level.
                   A        B        C        D        E       F      G
               +--------+--------+--------+--------+--------+-----+--------+
         Total |  11652 |  11385 |    267 |   1007 |   8296 |  14 |  832.3 |
       Dungeon |  10988 |  10743 |    245 |   1007 |   7822 |  12 |  915.7 |
        Temple |    297 |    275 |     22 |      0 |    236 |   1 |  297.0 |
        Bailey |    365 |    365 |      0 |      0 |    238 |   1 |  365.0 |
               +--------+--------+--------+--------+--------+-----+--------+

Top non-repeatable levels by time:
     D:8: 1686 daAuts
     D:7: 1387 daAuts
     D:5: 1115 daAuts
     D:3: 955 daAuts
    D:11: 899 daAuts
     D:9: 813 daAuts
     D:1: 768 daAuts
     D:6: 747 daAuts
     D:2: 741 daAuts
    D:10: 691 daAuts
     D:4: 669 daAuts
    D:12: 512 daAuts
  Bailey: 365 daAuts
  Temple: 297 daAuts
